AoeStats
← | ArCas | Toruk Makto

Arena

505120537Analyzed
4v4 RM · 24d ago on Sep 7, 2026· 41m 50s· 8 players
Game mode
Random Map
Map size
Large (8 player)
Population
200
Speed
Normal
Resources
Standard
Victory
Conquest
Starting age
Dark Age
Ending age
Imperial Age
RankedLock teamsTeams togetherTeam positionsShared explorationLock speedFull tech treeHidden civsTurbo modeCheats
Victory
Defeat
🇨🇴 Teutons · Colombia
1296
+15
🇨🇴 Lithuanians · Colombia
1288
+15
🇺🇸 Burmese · United States
1287
+15
🇲🇽 Dravidians · Mexico
1280
+16
🇨🇦 Italians · Canada
1326
-17
🇦🇷 Bengalis · Argentina
1325
-17
🇺🇸 Khmer · United States
1236
-14
🇧🇷 Berbers · Brazil
1212
-13
Im a Smurf
10:37 Feudal Age
15:39 Castle Age
14:12 Horse Collar
16:33 Heavy Plow
21:21 Loom
22:55 Forging
23:27 Gold Mining
24:39 Scale Barding Armor
25:09 Iron Casting
26:07 Wheelbarrow
26:59 Gold Shaft Mining
31:04 Imperial Age
28:51 Hand Cart
28:37 Fletching
29:16 Chain Barding Armor
28:56 Padded Archer Armor
30:48 Bloodlines
30:38 Husbandry
32:53 Plate Barding Armor
33:18 Blast Furnace
32:14 Bodkin Arrow
34:54 Crop Rotation
34:06 Elite Battle Elephant
35:29 Howdah
35:32 Manipur Cavalry
41:56 Ballistics
42:37 Chemistry
RedKing
11:49 Feudal Age
15:35 Castle Age
15:06 Double-Bit Axe
15:02 Horse Collar
16:43 Bow Saw
18:49 Loom
18:51 Town Watch
19:15 Gold Mining
20:42 Wheelbarrow
22:11 Stone Mining
23:48 Forging
23:41 Town Patrol
23:47 Heavy Plow
32:32 Imperial Age
29:46 Pikeman
30:58 Hand Cart
30:46 Scale Mail Armor
31:22 Iron Casting
31:43 Chain Mail Armor
34:14 Blast Furnace
32:36 Halberdier
35:19 Two-Man Saw
35:22 Squires
36:39 Plate Mail Armor
37:42 Fletching
38:11 Elite Elephant Archer
38:52 Padded Archer Armor
38:48 Bodkin Arrow
39:35 Thumb Ring
40:04 Leather Archer Armor
41:18 Ballistics
41:37 Bracer
T91Official
10:10 Feudal Age
14:44 Castle Age
13:01 Double-Bit Axe
13:37 Horse Collar
14:34 Forging
18:03 Fervor
20:20 Wheelbarrow
22:51 Light Cavalry
24:36 Husbandry
26:15 Hand Cart
29:55 Imperial Age
28:09 Bloodlines
28:08 Scale Barding Armor
28:09 Gold Mining
28:14 Stone Mining
29:45 Iron Casting
29:31 Chain Barding Armor
29:15 Heavy Plow
30:22 Elite Leitis
32:16 Conscription
34:11 Devotion
36:55 Plate Barding Armor
38:08 Hill Forts
38:22 Fletching
39:02 Sanctity
38:59 Block Printing
39:10 Bodkin Arrow
39:13 Winged Hussar
40:23 Bracer
Morlhaw
10:52 Feudal Age
15:02 Castle Age
13:28 Double-Bit Axe
13:24 Horse Collar
15:30 Loom
16:30 Bow Saw
17:28 Wheelbarrow
17:31 Wheelbarrow
22:54 Town Watch
26:10 Gold Mining
27:30 Hand Cart
29:50 Imperial Age
27:22 Pikeman
28:03 Squires
28:04 Scale Mail Armor
28:16 Forging
29:58 Chain Mail Armor
30:19 Iron Casting
30:13 Town Patrol
30:05 Stone Mining
30:27 Onager
31:57 Man-at-Arms
31:58 Halberdier
34:30 Chemistry
33:40 Masonry
33:51 Ballistics
34:43 Blast Furnace
35:23 Conscription
35:39 Plate Mail Armor
36:40 Siege Onager
39:26 Siege Engineers
40:55 Ironclad
42:02 Arson
arzan
11:10 Feudal Age
15:05 Castle Age
13:10 Double-Bit Axe
13:16 Horse Collar
14:53 Double-Bit Axe
20:16 Bow Saw
23:17 Wheelbarrow
22:27 Town Watch
22:38 Town Watch
22:38 Loom
23:58 Pikeman
26:27 Man-at-Arms
peona
10:56 Feudal Age
11:35 Double-Bit Axe
15:19 Castle Age
13:56 Horse Collar
16:36 Bow Saw
17:11 Heavy Plow
24:17 Wheelbarrow
23:33 Loom
23:33 Town Watch
23:56 Gold Mining
28:59 Imperial Age
26:51 Hand Cart
26:50 Husbandry
27:49 Bloodlines
27:56 Scale Barding Armor
28:03 Forging
29:45 Gold Shaft Mining
30:04 Chain Barding Armor
31:27 Plate Barding Armor
31:28 Iron Casting
30:26 Elite Battle Elephant
34:06 Crop Rotation
35:44 Blast Furnace
35:26 Tusk Swords
35:51 Conscription
35:42 Stone Mining
36:07 Double Crossbow
37:55 Chemistry
36:28 Heavy Scorpion
39:45 Siege Engineers
41:22 Fletching
41:34 Padded Archer Armor
41:56 Ballistics
41:46 Masonry
41:32 Murder Holes
jp.manhaes94
11:38 Feudal Age
15:40 Castle Age
13:53 Double-Bit Axe
13:50 Horse Collar
16:55 Bow Saw
26:08 Wheelbarrow
25:18 Loom
29:05 Imperial Age
26:21 Town Watch
27:43 Hand Cart
27:29 Town Patrol
27:48 Heavy Plow
28:27 Forging
28:48 Pikeman
32:02 Elite Camel Archer
34:05 Maghrebi Camels
34:10 Kasbah
35:22 Gold Mining
35:23 Stone Mining
36:04 Crop Rotation
37:11 Squires
36:56 Arson
38:52 Fletching
39:03 Padded Archer Armor
40:51 Iron Casting
40:17 Scale Mail Armor
40:46 Conscription
42:21 Gold Shaft Mining
41:53 Bodkin Arrow
| ArCas | Toruk Makto
10:58 Feudal Age
12:55 Loom
15:43 Castle Age
13:57 Double-Bit Axe
13:55 Horse Collar
17:48 Town Watch
22:09 Wheelbarrow
22:01 Sanctity
24:51 Fervor
25:44 Town Patrol
26:35 Heavy Plow
29:22 Hand Cart
29:32 Gold Mining
33:06 Imperial Age
31:48 Fletching
31:58 Padded Archer Armor
33:26 Bodkin Arrow
33:46 Leather Archer Armor
35:01 Conscription
35:02 Bow Saw
35:03 Bracer
36:12 Chemistry
36:14 Gold Shaft Mining
36:15 Elite Elephant Archer
37:46 Ballistics
37:59 Ring Archer Armor
Connection lost

Rejoining the realm…

Still unreachable

The connection could not be restored.

Session expired

The server has moved on; the page needs a fresh start.